 Dungeon Crawl Stone Soup version 0.25-a0-35-g747a2b3c0c (webtiles) character file.

Game seed: 16986122023776994960, levelgen mode: deterministic

130 Peloso the Shield-Bearer (level 4, -4/61 HPs)
             Began as a Minotaur Fighter on Oct 18, 2019.
             Killed by divine providence
             ... invoked by an orc priest
              (9 damage)
             ... on level 4 of the Dungeon.
             The game lasted 00:03:25 (1298 turns).

Peloso the Shield-Bearer (Minotaur Fighter)         Turns: 1298, Time: 00:03:26

Health: -4/61      AC: 10    Str: 25    XL:     4   Next: 90%
Magic:  3/3        EV:  6    Int:  5    God:
Gold:   26         SH:  0    Dex: 11    Spells: 3/3 levels left

rFire    . . .     SeeInvis .   a - +0 long sword
rCold    . . .     Gourm    .   c - +1 shield
rNeg     . . .     Faith    .   b - +0 chain mail
rPois    .         Spirit   .   (helmet restricted)
rElec    .         Reflect  .   (no cloak)
rCorr    .         Harm     .   g - +0 pair of gloves
MR       .....                  (no boots)
Stlth    ..........             (no amulet)
HPRegen  0.20/turn              (no ring)
MPRegen  0.08/turn              (no ring)

@: confused, berserking, very quick
A: retaliatory headbutt, horns 2
a: no special abilities


You were on level 4 of the Dungeon.
You were very hungry.

You visited 1 branch of the dungeon, and saw 3 of its levels.

You collected 26 gold pieces.

Inventory:

Hand Weapons
 a - a +0 long sword (weapon)
Armour
 b - a +0 chain mail (worn)
 c - a +1 shield (worn)
 g - a +0 pair of gloves (worn)
Scrolls
 k - 2 scrolls of teleportation
 l - a scroll of fog
Potions
 d - a potion of might
 i - a potion of degeneration {unknown}
 p - a potion of flight
Comestibles
 f - 4 rations


   Skills:
 + Level 4.3 Fighting
 + Level 3.6 Long Blades
 + Level 4.4 Armour
 + Level 1.1 Dodging
 + Level 4.8 Shields


You had 3 spell levels left.
You didn't know any spells.
Your spell library was empty.

Dungeon Overview and Level Annotations

Branches:
Dungeon (2/15)

Altars:


Innate Abilities, Weirdness & Mutations

You reflexively headbutt those who attack you in melee.
You have a pair of horns on your head.


Message History

You hear some strange, mumbled words.
A magic dart appears from out of thin air!
The magic dart hits you!
* * * LOW HITPOINT WARNING * * *
Okay, then.
It was a potion of berserk rage.
A red film seems to cover your vision as you go berserk!
You feel yourself moving faster!
You feel mighty! Something hits you but does no damage.
You hit something. You headbutt something.
Something hits you but does no damage.
You closely miss something. Your headbutt misses something.
Something hits you but does no damage.
You closely miss something. Your headbutt misses something.
You hear some strange, mumbled words.
You are confused.
You miss something.
The orc priest mumbles some strange prayers to Beogh against you.
Beogh smites you!
You die...

#...# #...# #...#.#
##############...#.#
............##...#..
............'#...#.#
(####'####..##...#.#####+#
.#.......#..'#).@#........
.#.......#..##..{#o.......
.#.......#..#...#o........
.#########..#...#o........
............#...#..#####.#
#######'#####...#..#
................#..#
................#..#
#################..#


You could see an orc priest and an orc.

Vanquished Creatures
  A hound (D:4)
  An orc wizard (D:4)
  A worker ant zombie (D:4)
  An adder (D:4)
  2 worms (D:2)
  A dart slug (D:2)
  A leopard gecko (D:2)
  3 orcs (D:4)
  3 giant cockroaches
  5 goblins
  2 hobgoblins (D:1)
  10 jackals
  4 bats (D:1)
  3 frilled lizards
  4 kobolds (D:1)
42 creatures vanquished.

Notes
Turn   | Place    | Note
-------+----------+-------------------------------------------
     0 | D:1      | Peloso the Minotaur Fighter began the quest for the Orb.
     0 | D:1      | Reached XP level 1. HP: 19/19 MP: 0/0
   186 | D:1      | Reached XP level 2. HP: 27/27 MP: 1/1
   878 | D:2      | Reached XP level 3. HP: 31/33 MP: 2/2
  1056 | D:2      | You fall into a shaft and drop 2 floors!
  1158 | D:4      | Reached XP level 4. HP: 23/40 MP: 3/3
  1285 | D:4      | Reached skill level 1 in Dodging
  1298 | D:4      | Killed from afar by an orc priest

Levels and vault maps discovered:
D:1:      psy_arrival_spokes, layout_basic
D:2:      layout_loops_ring
D:4:      layout_basic, lemuel_blue_sif_altar, uniq_menkaure, uniq_eustachio

Skill      XL: |  1  2  3  4 |
---------------+-------------+-----
Fighting       | 4 |  4.3
Shields        | 4 |  4.8
Armour         | 4 |  4.4
Long Blades    | 3 |  3.6
Dodging        | 1 |  1.1

Action                   |  1- 3 |  4- 6 || total
-------------------------+-------+-------++-------
Melee: Long sword        |    79 |    33 ||   112
       Headbutt          |    13 |     3 ||    16
  Use: Potion            |     5 |     1 ||     6
       Scroll            |     5 |       ||     5
Armor: Scale mail        |    37 |     8 ||    45
       Chain mail        |       |     8 ||     8
Dodge: Dodged            |    26 |     7 ||    33
Block: Shield            |    47 |    14 ||    61
       Rpst.: Long sword |     9 |     3 ||    12

Table legend:
 A = Non-vault XP
 B = Vault XP
 C = Vault XP percentage of total XP
 D = Non-vault monster count
 E = Vault monster count
 F = Vault count percentage of total count
                 A         B        C        D         E       F
            +---------+---------+-------+---------+---------+-------
      Total |     187 |       0 |   0.0 |      42 |       0 |   0.0
            +---------+---------+-------+---------+---------+-------
        D:1 |      39 |       0 |   0.0 |      23 |       0 |   0.0
        D:2 |      23 |       0 |   0.0 |       7 |       0 |   0.0
        D:4 |     125 |       0 |   0.0 |      12 |       0 |   0.0
            +---------+---------+-------+---------+---------+-------
